 Dungeon Crawl Stone Soup version 0.28-a0-723-g095bd1b44f (webtiles) character file.

Game seed: 14064143635041982560

64 Murumi the Skirmisher (level 4, -5/45 HPs)
             Began as an Ogre Gladiator on Oct 26, 2021.
             Slain by Robin (6 damage)
             ... on level 2 of the Dungeon.
             The game lasted 00:06:30 (2301 turns).

Murumi the Skirmisher (Ogre Gladiator)              Turns: 2301, Time: 00:06:30

Health: -5/45      AC:  3    Str: 18    XL:     4   Next: 12%
Magic:  4/4        EV: 10    Int: 10    God:
Gold:   82         SH:  0    Dex: 10    Spells: 3/3 levels left

rFire   . . .      SeeInvis .   f - +0 whip
rCold   . . .      Faith    .   (no shield)
rNeg    . . .      Spirit   .   b - +0 robe
rPois   .          Reflect  .   c - +0 hat
rElec   .          Harm     .   (no cloak)
rCorr   .          Rampage  .   (gloves unavailable)
Will    .....                   (boots unavailable)
Stlth   ++........              (no amulet)
HPRegen 0.15/turn               (no ring)
MPRegen 0.09/turn               (no ring)

@: no status effects
A: large, unfitting armour, tough skin 1
a: no special abilities


You were on level 2 of the Dungeon.
You visited 1 branch of the dungeon, and saw 2 of its levels.

You collected 82 gold pieces.

Inventory:

Hand Weapons
 a - a +0 flail
 f - a +0 whip (weapon)
Missiles
 d - 3 throwing nets
 e - 111 stones (quivered)
Armour
 b - a +0 robe (worn)
 c - a +0 hat (worn)
Potions
 g - 2 potions of brilliance


   Skills:
 - Level 3.0 Fighting
 - Level 3.0 Maces & Flails
 + Level 2.5 Throwing
 - Level 3.0 Dodging
 - Level 2.0 Stealth


You had 3 spell levels left.
You didn't know any spells.
Your spell library contained the following spells:

 Spells                   Type           Power      Damage    Failure   Level
 Gell's Gravitas          Tloc           0%         N/A       75%         3
 Teleport Other           Tloc           0%         N/A       75%         3
 Fireball                 Conj/Fire      0%         3d3       100%        5
 Dispersal                Tloc           0%         N/A       100%        6
 Starburst                Conj/Fire      0%         6d3       100%        6
 Ignition                 Fire           0%         3d3       100%        8


Dungeon Overview and Level Annotations

Branches:
Dungeon (2/15)

Altars:

Annotations:
D:2 Jessica, Robin


Innate Abilities, Weirdness & Mutations

You are too large for most types of armour.
You have tough skin. (AC +1)


Message History

It was a potion of cancellation.
You feel magically purged. The goblin barely misses you.
You hit the goblin.
The goblin is moderately wounded.
The goblin closely misses you.
You hit the goblin.
You kill the goblin!
Robin throws the goblin at you! The goblin closely misses you.
You barely miss the goblin.
The goblin no longer looks unusually strong.
The goblin barely misses you.
You closely miss the goblin. The goblin barely misses you.
You hit the goblin but do no damage. The goblin hits you but does no damage.
You hit the goblin.
The goblin is severely wounded.
The goblin barely misses you.
You barely miss the goblin.
The goblin is severely wounded.
Robin roars a battlecry!
The goblin goes into a battle-frenzy!
The goblin hits you but does no damage.
You hit the goblin.
You kill the goblin!
Robin throws the goblin at you! The goblin hits you with a +0 club.
* * * LOW HITPOINT WARNING * * *
You barely miss the goblin.
A hobgoblin appears from thin air!
Reactivating autopickup.
The goblin barely misses you.
You barely miss the goblin. The goblin hits you with a +0 club.
* * * LOW HITPOINT WARNING * * *
You hit the goblin.
You kill the goblin!
You barely miss the hobgoblin.
Robin hits you from afar with a +0 trident.
* * * LOW HITPOINT WARNING * * *
The hobgoblin hits you.
* * * LOW HITPOINT WARNING * * *
You closely miss the hobgoblin.
Robin hits you from afar with a +0 trident.
You die...

##.#.# ####....####
+..........>
####....#### ##.#.#
###.# #.# #+#
#####.# #@# #.....#
#g# #.#####
##g#######.#
##..........# .
#.....####..#
..gg####...#####..#
.gggg.............#
#.gg#####..#####.##
# #........#


You could see Robin and a hobgoblin (strong).

Vanquished Creatures
  2 adders (D:2)
  3 dart slugs
  An orc (D:2)
  2 endoplasms (D:2)
  3 giant cockroaches
  8 goblins (D:2)
  5 hobgoblins
  4 jackals (D:1)
  A quokka (D:2)
  3 bats
  A kobold (D:1)
  A rat (D:2)
34 creatures vanquished.

Notes
Turn   | Place    | Note
-------+----------+-------------------------------------------
     0 | D:1      | Murumi the Ogre Gladiator began the quest for the Orb.
     0 | D:1      | Reached XP level 1. HP: 22/22 MP: 1/1
   302 | D:1      | Reached XP level 2. HP: 17/31 MP: 2/2
  1124 | D:2      | Reached skill level 1 in Stealth
  1124 | D:2      | Reached XP level 3. HP: 4/37 MP: 3/3
  1467 | D:2      | Noticed Jessica
  2249 | D:2      | Noticed Robin
  2281 | D:2      | Reached XP level 4. HP: 30/45 MP: 4/4
  2300 | D:2      | HP: 1/45 [hobgoblin[Robin] (6)]
  2301 | D:2      | Slain by Robin

Illustrated notes

Levels and vault maps discovered:
D:1:      grunt_arrival_crossed_arrows, layout_rooms, nrook_mini_vaults,
          minivault_11, minmay_misc_feat_room, st_stairs_13,
          grunt_decor_arrowhead
D:2:      layout_loops_corners, minmay_pentomino_t2, uniq_robin, uniq_jessica

Skill      XL: |  1  2  3 |
---------------+----------+-----
Fighting       | 3 |  3.0
Maces & Flails | 3 |  3.0
Dodging        | 3 |  3.0
Stealth        | 1 2 |  2.0
Throwing       | |  2.5

Action                   |  1- 3 |  4- 6 || total
-------------------------+-------+-------++-------
Melee: Whip              |   145 |    20 ||   165
       Flail             |     7 |       ||     7
Throw: Stone             |    48 |       ||    48
  Use: Scroll            |     5 |       ||     5
       Potion            |       |     1 ||     1
Armor: Robe              |    44 |     2 ||    46
Dodge: Dodged            |    71 |    11 ||    82

Table legend: (Time is in decaauts)
 A = Elapsed time spent in this place.
 B = Non-inter-level travel time spent in this place.
 C = Inter-level travel time spent in this place.
 D = Time resting spent in this place.
 E = Time spent auto-exploring this place.
 F = Levels seen in this place.
 G = Mean time per level.
                   A        B        C        D        E       F      G
               +--------+--------+--------+--------+--------+-----+--------+
         Total |   2297 |   2229 |     68 |    270 |   1638 |   2 | 1148.5 |
       Dungeon |   2297 |   2229 |     68 |    270 |   1638 |   2 | 1148.5 |
               +--------+--------+--------+--------+--------+-----+--------+

Top non-repeatable levels by time:
     D:2: 1308 daAuts
     D:1: 988 daAuts
